 Dungeon Crawl Stone Soup version 0.27-a0-899-ge2d0b17c59 (webtiles) character file.

Game seed: 9783604969414460618

1500 jestyr24 the Magician (level 8, -2/58 HPs)
             Began as a Djinni Fire Elementalist on Apr 5, 2021.
             Slain by a water moccasin (8 damage)
             ... on level 7 of the Dungeon.
             The game lasted 00:31:38 (8095 turns).

jestyr24 the Magician (Djinni Fire Elementalist)    Turns: 8095, Time: 00:31:39

Health: -2/58      AC:  2    Str:  7    XL:     8   Next: 81%
Gold:   269        EV: 13    Int: 19    God:
                   SH:  0    Dex: 14

rFire    + + .     SeeInvis .   l - +3 morningstar
rCold    x . .     Faith    .   (no shield)
rNeg     . . .     Spirit   .   a - +0 robe
rPois    ∞         Reflect  .   (no helmet)
rElec    .         Harm     .   (no cloak)
rCorr    .         Rampage  .   (no gloves)
Will     .....                  (boots unavailable)
Stlth    ++........             (no amulet)
HPRegen  0.19/turn              (no ring)
MPRegen  0.00/turn              (no ring)

@: flying
A: fire resistance 2, cold vulnerability 1, float, innate caster, hp casting,
extra vitality 1
a: no special abilities


You were on level 7 of the Dungeon.
You visited 1 branch of the dungeon, and saw 7 of its levels.

You collected 269 gold pieces.

Inventory:

Hand Weapons
 e - a +0 dagger
 l - a +3 morningstar (weapon)
Missiles
 k - 61 poisoned darts
 m - 3 atropa-tipped darts
Armour
 a - a +0 robe (worn)
Jewellery
 n - an amulet of faith
Scrolls
 g - a scroll of enchant armour
 o - a scroll of enchant weapon {unknown}
 p - 2 scrolls of identify
 r - 2 scrolls of teleportation {unknown}
Potions
 b - a potion of might
 c - a potion of invisibility {unknown}
 d - 4 potions of curing
 f - 3 potions of ambrosia {unknown}
 i - a potion of lignification {unknown}
 j - a potion of haste {unknown}
 q - 2 potions of heal wounds {unknown}


   Skills:
 * Level 4.4 Fighting
 + Level 3.9 Dodging
 + Level 3.7 Stealth
 - Level 0.1 Unarmed Combat
 + Level 7.4 Spellcasting


You couldn't memorise any spells.
You knew the following spells:

 Your Spells              Type           Power      Damage    Failure   Level
a - Foxfire               Conj/Fire      100%       2x1d9     1%          1
b - Conjure Flame         Conj/Fire      35%        6-21      1%          3
c - Inner Flame           Hex/Fire       35%        N/A       1%          3
d - Sticky Flame          Conj/Fire      35%        2d5       4%          4
e - Fireball              Conj/Fire      17%        3d9       12%         5
f - Corona                Hex            38%        N/A       1%          1
g - Slow                  Hex            35%        N/A       1%          2
h - Corpse Rot            Necr/Air       N/A        N/A       1%          2
Your spell library was empty.

Dungeon Overview and Level Annotations

Branches:
Dungeon (7/15)             Temple (0/1) D:6

Altars:
Fedhas
Kikubaaqudgha
Nemelex Xobeh
Qazlal
Yredelemnul


Innate Abilities, Weirdness & Mutations

You are immune to poison.
Your flesh is very heat resistant. (rF++)
You are vulnerable to cold. (rC-)
You float through the air rather than walking.
You learn spells naturally, not from books.
Your magical power is your life essence.
You have superior vitality. (+4 HP)


Message History

The howler monkey zombie is engulfed in blazing flames.
The wyvern zombie bites you but does no damage.
Something hits you. Something shocks you.
* * * LOW HITPOINT WARNING * * *
The howler monkey zombie is engulfed in blazing flames.
You destroy the howler monkey zombie!
Casting: Foxfire (safe; 1% risk of failure)
Confirm with . or Enter, or press ? or * to list all spells.
You conjure some foxfire!
* * * LOW HITPOINT WARNING * * *
The bullfrog zombie closely misses you. The wyvern zombie closely misses you.
A sky beast appears from thin air!
Reactivating autopickup.
The sky beast hits you.
* * * LOW HITPOINT WARNING * * *
The sky beast shocks you.
* * * LOW HITPOINT WARNING * * *
The bullfrog zombie closely misses you.
Blink to where?
Press: ? - help, Dir - move target
As you read the scroll labelled VUPSIA ZELITY, it crumbles to dust.
It was a scroll of blinking.
Found a stone staircase leading down.
A water moccasin comes into view.
The water moccasin hisses angrily.
The water moccasin closely misses you. The water moccasin barely misses you.
The water moccasin closely misses you.
There is a stone staircase leading down here.
The water moccasin bites you.
* * * LOW HITPOINT WARNING * * *
You fly downwards.
Found a bubbling ruby potion.
There is a stone staircase leading up here.
Casting: Foxfire (safe; 1% risk of failure)
Confirm with . or Enter, or press ? or * to list all spells.
You conjure some foxfire!
* * * LOW HITPOINT WARNING * * *
The water moccasin bites you but does no damage.
The water moccasin bites you!
You die...

..# ..#
##..# #...
#..# #..#
##v.#####.
#S@.......
##.v######
#..# #!.#
.... .....
#....
#..###


You could see a water moccasin (ally target).

Vanquished Creatures
  A sky beast (D:2)
  A hornet zombie (D:5)
  A necrophage (D:4)
  2 ogres
  2 phantoms
  A wyvern zombie (D:5)
  A scorpion (D:5)
  2 water moccasin zombies (D:5)
  2 water moccasin skeletons
  A bullfrog zombie (D:6)
  A bullfrog skeleton (D:3)
  An orc priest (D:3)
  A gnoll shaman (D:4)
  An iguana (D:2)
  7 orc wizards
  A howler monkey zombie (D:6)
  7 gnolls
  8 adders
  A shadow imp (D:5)
  2 worms
  2 dart slugs
  8 orcs
  5 bats
  4 endoplasms
  5 giant cockroaches
  3 goblins
  5 hobgoblins
  22 jackals
  A quokka (D:2)
  11 ball pythons
  4 frilled lizards
  8 kobolds
  6 rats
128 creatures vanquished.

Vanquished Creatures (others)
  323 foxfires
  A withered plant (D:6)
324 creatures vanquished.

Grand Total: 452 creatures vanquished

Notes
Turn   | Place    | Note
-------+----------+-------------------------------------------
     0 | D:1      | jestyr24 the Djinni Fire Elementalist began the quest for
                  | the Orb.
     0 | D:1      | Reached XP level 1. HP: 15/15 MP: 0/0
   135 | D:1      | Reached skill level 3 in Spellcasting
   279 | D:1      | Reached XP level 2. HP: 19/21 MP: 0/0
  1595 | D:1      | Reached XP level 3. HP: 22/25 MP: 0/0
  1595 | D:1      | Learned a level 1 spell: Corona
  2602 | D:2      | Found a basalt altar of Yredelemnul.
  2728 | D:2      | Found a faded altar of an unknown god.
  3010 | D:2      | Reached XP level 4. HP: 25/31 MP: 0/0
  3138 | D:2      | Noticed a sky beast
  3149 | D:2      | Killed a sky beast
  3150 | D:2      | Reached skill level 1 in Fighting
  3150 | D:2      | Reached skill level 4 in Spellcasting
  3150 | D:2      | Reached XP level 5. HP: 11/37 MP: 0/0
  3150 | D:2      | Learned a level 2 spell: Slow
  4030 | D:3      | Reached XP level 6. HP: 39/43 MP: 0/0
  4041 | D:3      | HP: 2/43 [orc priest/divine providence (13)]
  4572 | D:3      | Found a stormy altar of Qazlal.
  4655 | D:3      | Found a blossoming altar of Fedhas.
  4981 | D:3      | Found a sparkling altar of Nemelex Xobeh.
  5057 | D:4      | Noticed a necrophage
  5066 | D:4      | Reached skill level 5 in Spellcasting
  5126 | D:4      | Reached XP level 7. HP: 44/49 MP: 0/0
  5126 | D:4      | Learned a level 2 spell: Corpse Rot
  6382 | D:5      | Entered Level 5 of the Dungeon
  6553 | D:5      | Reached skill level 6 in Spellcasting
  6653 | D:5      | Reached XP level 8. HP: 34/56 MP: 0/0
  7217 | D:5      | Reached skill level 7 in Spellcasting
  8078 | D:6      | Found a staircase to the Ecumenical Temple.
  8095 | D:7      | Slain by a water moccasin

Illustrated notes

Levels and vault maps discovered:
D:1:      erik_arrival_triangle_medium, layout_basic, lemuel_flame_loot_1
D:2:      layout_loops_ring, serial_co_window_serial, co_window_paths_b,
          co_window_corner_a, co_window_paths_b, co_window_corner_a,
          co_window_paths_b, co_window_paths_a, co_window_corner_a,
          co_window_broadway_c, co_window_broadway_b, co_window_broadway_a,
          co_window_4corner_a, glass_columns_a, glass_columns_b,
          glass_columns_a, glass_columns_a, glass_columns_b, basic_altar,
          basic_ecumenical_altar
D:3:      layout_basic, grunt_temple_overflow_growth_and_decay,
          nemelex_dance_club_becter, grunt_qazlal_sundering
D:4:      layout_layer_cave, grunt_ministairs_1, minmay_misc_feat_tiny
D:5:      layout_basic, roderic_serpentine_path, amcnicky_mini_corridor_feature
D:6:      layout_basic, nicolae_elyvilon_peaceful_grove, kennysheep_slug_shrine,
          minmay_temple_entry_glass, serial_undead, serial_undead_c,
          serial_undead_f, serial_undead_f, serial_undead_f,
          uniq_crazy_yiuf_cottage
D:7:      layout_loops_ring, serial_shops, nicolae_shop_waterfront,
          minmay_misc_feat_cross, minmay_the_grid_2x2
          [minmay_the_grid_holed_spiral, minmay_the_grid_pillar_ring,
          minmay_the_grid_tri_star, minmay_the_grid_prize_four_corners]

Skill      XL: |  1  2  3  4  5  6  7  8 |
---------------+-------------------------+-----
Spellcasting   | 3 4 5 6 7 |  7.4
Stealth        | 2 3 |  3.7
Fighting       | 1 2 3 4 |  4.4
Dodging        | 3 |  3.9
Unarmed Combat | |  0.1

Action                   |  1- 3 |  4- 6 |  7- 9 || total
-------------------------+-------+-------+-------++-------
Melee: Unarmed           |     6 |       |       ||     6
       Dagger            |    26 |     5 |       ||    31
       Morningstar       |       |     1 |    26 ||    27
 Cast: Foxfire           |    67 |    45 |    96 ||   208
       Corona            |     2 |     5 |     2 ||     9
       Inner Flame       |       |     6 |    12 ||    18
       Slow              |       |       |     2 ||     2
       Sticky Flame      |       |       |     2 ||     2
  Use: Scroll            |     2 |     3 |     1 ||     6
       Potion            |       |       |     1 ||     1
Armor: Robe              |     6 |     2 |     3 ||    11
Dodge: Dodged            |    36 |     7 |    36 ||    79

Table legend: (Time is in decaauts)
 A = Elapsed time spent in this place.
 B = Non-inter-level travel time spent in this place.
 C = Inter-level travel time spent in this place.
 D = Time resting spent in this place.
 E = Time spent auto-exploring this place.
 F = Levels seen in this place.
 G = Mean time per level.
                   A        B        C        D        E       F      G
               +--------+--------+--------+--------+--------+-----+--------+
         Total |   8106 |   7845 |    261 |   2705 |   4089 |   7 | 1158.0 |
       Dungeon |   8106 |   7845 |    261 |   2705 |   4089 |   7 | 1158.0 |
               +--------+--------+--------+--------+--------+-----+--------+

Top non-repeatable levels by time:
     D:1: 2208 daAuts
     D:5: 1693 daAuts
     D:2: 1598 daAuts
     D:4: 1333 daAuts
     D:3: 1243 daAuts
     D:6: 27 daAuts
     D:7: 0 daAuts
